 Dungeon Crawl Stone Soup version 0.27-a0-1105-g946c659c87 (webtiles) character file.

Game seed: 16304108986056494011

149 spiderkeys the Gusty (level 5, -6/34 HPs)
             Began as an Octopode Air Elementalist on May 1, 2021.
             Mangled by a gnoll
             ... wielding a +0 club
              (10 damage)
             ... on level 2 of the Dungeon.
             The game lasted 00:04:41 (3689 turns).

spiderkeys the Gusty (Octopode Air Elementalist)    Turns: 3689, Time: 00:04:42

Health: -6/34      AC:  1    Str:  7    XL:     5   Next: 31%
Magic:  4/9        EV: 13    Int: 19    God:
Gold:   95         SH:  0    Dex: 12    Spells: 3/9 levels left

rFire    + . .     SeeInvis .   (no weapon)
rCold    . . .     Faith    .   (no shield)
rNeg     . . .     Spirit   .   (helmet restricted)
rPois    .         Reflect  .   (no amulet)
rElec    .         Harm     .   F - ring of protection from fire
rCorr    .         Rampage  .   Z - ring of wizardry
Will     .....                  (no ring)
Stlth    +++.......             (no ring)
HPRegen  0.11/turn              (no ring)
MPRegen  0.11/turn              (no ring)
                                (no ring)
                                (no ring)

@: no status effects
A: almost no armour, amphibious, 8 rings, camouflage 1, gelatinous body 1,
(nimble swimmer 1), tentacles
a: no special abilities


You were on level 2 of the Dungeon.
You visited 1 branch of the dungeon, and saw 3 of its levels.

You collected 95 gold pieces.


Innate Abilities, Weirdness & Mutations

You cannot wear most types of armour.
You are amphibious.
You can wear up to eight rings at the same time.
Your skin changes colour to match your surroundings (Stealth+).
Your rubbery body absorbs attacks. (AC +1, EV +1)
((You are camouflaged near water. (Stealth+)))
You have tentacles for arms and can constrict up to eight enemies at once.


   Skills:
 + Level 2.0 Fighting
 + Level 2.9 Dodging
 - Level 2.6 Stealth
 + Level 2.7 Spellcasting
 + Level 2.2 Conjurations
 + Level 3.7 Air Magic


You had 3 spell levels left.
You knew the following spells:

 Your Spells              Type           Power      Damage    Failure   Level
i - Swiftness             Air            16%        N/A       4%          3
t - Static Discharge      Conj/Air       13%        N/A       2%          2
z - Shock                 Conj/Air       52%        1d6       1%          1

Your spell library contained the following spells:

 Spells                   Type           Power      Damage    Failure   Level
 Airstrike                Air            8%         N/A       13%         4
 Lightning Bolt           Conj/Air       6%         1d18      43%         5

Inventory:

Missiles
 a - 103 stones
 b - 31 poisoned darts
 d - 25 sling bullets
 g - 21 arrows
 j - 7 boomerangs
Jewellery
 C - a ring of protection from cold
   (You found it on level 3 of the Dungeon)
 F - a ring of protection from fire (left tentacle)
   (You found it on level 1 of the Dungeon)
 Z - a ring of wizardry (right tentacle)
   (You found it on level 2 of the Dungeon)
Wands
 c - a wand of mindburst (6)
   (You found it on level 3 of the Dungeon)
Scrolls
 i - a scroll of teleportation {@r4}
Potions
 f - a potion of magic

Dungeon Overview and Level Annotations

Branches:
Dungeon (3/15)

Altars:
Xom

#.)........)......
#.##.#####....####
#.##.# #.#......
#.##.# #.#......
#.##.# #.#......
#.##.# #.#......
#.##.# #<#......
#g##.#######..####
#@................
##############..####
#............)..#
#..........####.#
#.............#.#
#..........##.#.#
#..........##.#.#
#...†......##.#.#
#..........##.#.#


You could see a gnoll.


Message History

😎 MP[-1]
You lost 1 mp, and now have 8/9 mp.
The zap hits the gnoll.
The gnoll shouts!
A goblin comes into view. It is wielding a +0 club.
A gnoll comes into view. It is wielding a +0 club. 😎 MP[-1]
You lost 1 mp, and now have 7/9 mp.
The zap hits the gnoll. x2
The gnoll shouts! x2
A gnoll comes into view. It is wielding a +0 spear. 😎 MP[-1]
You lost 1 mp, and now have 6/9 mp.
The zap hits the gnoll.
The gnoll shouts! 😎 MP[-1]
You lost 1 mp, and now have 5/9 mp.
The zap hits the goblin. 😎 MP[-1]
You lost 1 mp, and now have 4/9 mp.
The zap misses the goblin. 😎 MP[-1]
You lost 1 mp, and now have 3/9 mp.
The zap hits the goblin.
You kill the goblin!
Your magical contamination has completely faded away. 😎 MP[-1]
You lost 1 mp, and now have 2/9 mp. 😎 MP[+1]
The gnoll misses you. 😎 MP[+1]
The zap hits the gnoll.
The gnoll closely misses you.
The zap misses the gnoll.
The gnoll closely misses you. 😎 MP[-1]
You lost 1 mp, and now have 3/9 mp.
The gnoll misses you.
Casting: Shock (safe; 1% risk of failure)
Confirm with . or Enter, or press ? or * to list all spells.
The gnoll is struck by an arc of lightning.
You are struck by an arc of lightning.
The lightning grounds out.
The gnoll hits you with a +0 spear! 😮 HP[-10] MP[-2]
You take 10 damage, and now have 24/34 hp.
MASSIVE DAMAGE!! (PAUSE)
You lost 2 mp, and now have 1/9 mp.
Casting: Static Discharge (safe; 2% risk of failure)
Confirm with . or Enter, or press ? or * to list all spells.
You don't have enough magic to cast this spell.
You barely miss the gnoll. Your grab misses the gnoll.
The gnoll barely misses you.
You tentacle-slap the gnoll but do no damage.
You grab the gnoll. You constrict the gnoll. The gnoll misses you.
You barely miss the gnoll. Your squeeze misses the gnoll.
You constrict the gnoll, but do no damage.
The gnoll misses you.
You tentacle-slap the gnoll. You squeeze the gnoll.
You kill the gnoll!
Your Fighting skill increases to level 2! 😮 HP[+1]
You barely miss the gnoll. You grab the gnoll. You squeeze the gnoll.
You constrict the gnoll, but do no damage.
The gnoll hits you with a +0 club. 😮 HP[-5]
You take 5 damage, and now have 20/34 hp.
You release your grip on the gnoll. 😮 MP[+1]
The gnoll throws a throwing net.
The throwing net hits you.
You become entangled in the net!
You see here a throwing net {=f!f}.
You tear a large gash into the net.
The gnoll hits you with a +0 club.
* * * LOW HITPOINT WARNING * * *
😨 HP[-6]
You take 6 damage, and now have 14/34 hp.
You struggle against the net.
The gnoll hits you with a +0 club.
* * * LOW HITPOINT WARNING * * *
😱 HP[-6]
You take 6 damage, and now have 8/34 hp.
You rip the net and break free!
The gnoll misses you. The gnoll hits you with a +0 club.
* * * LOW HITPOINT WARNING * * *
😱 HP[-6]
You take 6 damage, and now have 2/34 hp.
The gnoll completely misses you. 😱 HP[+1] 😱 MP[+1]
There is an escape hatch in the floor here.
There is a stone staircase leading up here.
The gnoll barely misses you.
You climb upwards.
There is a stone staircase leading down here.
Aiming: Mindburst
Press: ? - help, Shift-Dir - straight line, f - gnoll
Aim: a gnoll, wielding a +0 club (chance to affect: 73%)
The gnoll's mind is blasted!
The gnoll completely misses you. 😱 HP[+1]
Aiming: Mindburst
Press: ? - help, Shift-Dir - straight line, f/p - gnoll
Aim: a gnoll, wielding a +0 club (severely wounded, chance to affect: 73%)
The gnoll struggles to resist.
The gnoll hits you with a +0 club!
You die...

Skill      XL: |  1  2  3  4  5 |
---------------+----------------+-----
Fighting       | 1 2 |  2.0
Conjurations   | 2 |  2.2
Dodging        | |  2.9
Stealth        | |  2.6
Spellcasting   | |  2.7
Air Magic      | |  3.7

Action                   |  1- 3 |  4- 6 || total
-------------------------+-------+-------++-------
Melee: Unarmed           |    20 |    18 ||    38
       Constrict         |     4 |     4 ||     8
       Tentacles         |     5 |     3 ||     8
 Cast: Shock             |    57 |    65 ||   122
       Static Discharge  |       |     1 ||     1
Evoke: Wand              |       |     2 ||     2
  Use: Potion            |       |     6 ||     6
       Scroll            |       |     3 ||     3
 Stab: Sleeping          |     1 |       ||     1
Armor: Skin              |     1 |    21 ||    22
Dodge: Dodged            |    21 |    26 ||    47

Levels and vault maps discovered:
D:1:      minmay_arrival_shattered_statue, layout_loops_cross
D:2:      layout_basic, basic_altar
D:3:      layout_rooms, corexii_item_surrounded_by_moat, uniq_robin

Notes
Turn   | Place    | Note
-------+----------+-------------------------------------------
     0 | D:1      | spiderkeys the Octopode Air Elementalist began the quest
                  | for the Orb.
     0 | D:1      | Reached XP level 1. HP: 11/11 MP: 3/3
     0 | D:1      | magus.rc [v1.9.10]
   355 | D:1      | Reached XP level 2. HP: 18/18 MP: 3/5
   961 | D:2      | Reached XP level 3. HP: 13/22 MP: 0/6
  1224 | D:2      | Reached skill level 1 in Fighting
  1360 | D:2      | Found a shimmering altar of Xom.
  1377 | D:2      | HP: 5/23 [poisoned by an adder]
  1850 | D:2      | HP: 2/23 [gnoll/+0 spear (9)]
  1851 | D:2      | Reached XP level 4. HP: 3/28 MP: 1/7
  2291 | D:2      | HP: 3/28 [worm (11)]
  2618 | D:2      | Reached skill level 2 in Conjurations
  2813 | D:2      | HP: 6/28 [poisoned by an adder]
  2818 | D:2      | HP: 3/43 [poisoned by an adder]
  3241 | D:2      | Learned a level 2 spell: Static Discharge
  3245 | D:2      | Learned a level 3 spell: Swiftness
  3250 | D:2      | Reached XP level 5. HP: 30/34 MP: 2/9
  3671 | D:3      | Reached skill level 2 in Fighting
  3676 | D:3      | HP: 8/34 [gnoll/+0 club (6)]
  3677 | D:3      | HP: 2/34 [gnoll/+0 club (6)]
  3689 | D:2      | Mangled by a gnoll

Vanquished Creatures
  4 gnolls
  7 adders (D:2)
  A worm (D:2)
  A dart slug (D:2)
  7 endoplasms
  A giant cockroach (D:2)
  5 goblins
  3 hobgoblins
  2 jackals (D:2)
  2 quokkas
  5 ball pythons
  2 bats
  3 frilled lizards
  2 kobolds (D:2)
  3 rats
48 creatures vanquished.

Table legend:
 A = Non-vault XP
 B = Vault XP
 C = Vault XP percentage of total XP
 D = Non-vault monster count
 E = Vault monster count
 F = Vault count percentage of total count
                 A         B        C        D         E       F
            +---------+---------+-------+---------+---------+-------
      Total |     214 |       0 |   0.0 |      48 |       0 |   0.0
            +---------+---------+-------+---------+---------+-------
        D:1 |      20 |       0 |   0.0 |      12 |       0 |   0.0
        D:2 |     171 |       0 |   0.0 |      29 |       0 |   0.0
        D:3 |      23 |       0 |   0.0 |       7 |       0 |   0.0
            +---------+---------+-------+---------+---------+-------

Illustrated notes

Table legend:
 A = Kills in this place as a percentage of kills in entire the game.
 B = Kills by you in this place as a percentage of kills by you in the entire game.
 C = Kills by friends in this place as a percentage of kills by friends in the entire game.
 D = Other kills in this place as a percentage of other kills in the entire game.
 E = Experience gained in this place as a percentage of experience gained in the entire game.
 F = Experience gained in this place divided by the number of levels of this place that you have seen.
                   A       B       C       D       E      F
               +-------+-------+-------+-------+-------+----------------------
         Total | 100.0 | 100.0 |   N/A |   N/A | 100.0 |  71.3
       Dungeon | 100.0 | 100.0 |   N/A |   N/A | 100.0 |  71.3
               +-------+-------+-------+-------+-------+----------------------

Table legend: (Time is in decaauts)
 A = Elapsed time spent in this place.
 B = Non-inter-level travel time spent in this place.
 C = Inter-level travel time spent in this place.
 D = Time resting spent in this place.
 E = Time spent auto-exploring this place.
 F = Levels seen in this place.
 G = Mean time per level.
                   A        B        C        D        E       F      G
               +--------+--------+--------+--------+--------+-----+--------+
         Total |   3688 |   3670 |     18 |     14 |   3291 |   3 | 1229.3 |
       Dungeon |   3688 |   3670 |     18 |     14 |   3291 |   3 | 1229.3 |
               +--------+--------+--------+--------+--------+-----+--------+

Top non-repeatable levels by time:
     D:2: 2511 daAuts
     D:1: 937 daAuts
     D:3: 239 daAuts
